 Dungeon Crawl Stone Soup version 0.25.1-2-g60ff931df9 (webtiles) character file.

Game seed: 4240173343029628626

343 Curus the Chopper (level 6, 0/51 HPs)
             Began as a Hill Orc Abyssal Knight on Aug 3, 2020.
             Was a Believer of Lugonu.
             Slain by a goblin
             ... wielding a +0 dagger
              (1 damage)
             ... on level 3 of the Dungeon.
             The game lasted 00:11:07 (2546 turns).

Curus the Chopper (Hill Orc Abyssal Knight)         Turns: 2546, Time: 00:11:07

Health: 0/51       AC: 11    Str: 15    XL:     6   Next: 57%
Magic:  10/10      EV:  6    Int: 12    God:    Lugonu [**....]
Gold:   126        SH:  0    Dex: 12    Spells: 5/5 levels left

rFire    . . .     SeeInvis .   a - +1 hand axe
rCold    . . .     Gourm    .   (no shield)
rNeg     . . .     Faith    .   e - +1 chain mail
rPois    .         Spirit   .   (no helmet)
rElec    .         Reflect  .   l - scarf {harm}
rCorr    .         Harm     +   g - +1 pair of gloves
MR       +....                  (no boots)
Stlth    ..........             (no amulet)
HPRegen  0.17/turn              m - ring of protection from magic
MPRegen  0.12/turn              (no ring)

@: lethally poisoned (0 -> -1)
A: no striking features
a: Depart the Abyss, Bend Space, Renounce Religion


You were on level 3 of the Dungeon.
You worshipped Lugonu.
Lugonu was pleased with you.
You were not hungry.

You visited 1 branch of the dungeon, and saw 3 of its levels.
You visited the Abyss 1 time.

You collected 126 gold pieces.

Inventory:

Hand Weapons
 a - a +1 hand axe (weapon)
Armour
 b - a +0 leather armour
 d - a +0 ring mail
 e - a +1 chain mail (worn)
 g - a +1 pair of gloves (worn)
 l - a scarf of harm (worn)
Jewellery
 m - a ring of protection from magic (left hand)
Scrolls
 h - a scroll of remove curse
 j - 2 scrolls of amnesia
 k - a scroll of teleportation
Potions
 i - a potion of might
Comestibles
 c - 8 rations


   Skills:
 - Level 3.6 Fighting
 + Level 6.5 Axes
 - Level 2.1 Armour
 - Level 0.7 Dodging
 + Level 6.4 Invocations


You had 5 spell levels left.
You didn't know any spells.
Your spell library was empty.

Dungeon Overview and Level Annotations

Branches:
Dungeon (3/15)

Altars:
Okawaru


Message History

* * * LOW HITPOINT WARNING * * *
You feel sick.
* * * LOW HITPOINT WARNING * * *
You feel sick.
* * * LOW HITPOINT WARNING * * *
You feel sick.
* * * LOW HITPOINT WARNING * * *
You feel sick.
* * * LOW HITPOINT WARNING * * *
You feel sick.
There is a stone staircase leading down here.
You climb downwards.
A goblin comes into view. It is wielding a +0 dagger.
* * * LOW HITPOINT WARNING * * *
You feel sick.
There is a stone staircase leading up here.
You hit the goblin.
The goblin is heavily wounded.
The goblin hits you with a +0 dagger.
You die...

#...))).) . #....#
##..#.#.#. .#....
.....#.#.#. ## .#....
........... ... ....
......#.#.## .... #...
.............
.....#..##...#.#..#.#...
....................#...
......g@# ..#..........
.....#.#####.#.#..#.#.##
... #. #...........#.# #
#. #.##...#..#.#.# ...
#.##.##...#..#.#.# #
#..##.##.##...#..#.#.##
.. ......................
..............#...##.#.##
...............).##.#.#


You could see a goblin.

Vanquished Creatures
  Sigmund (D:3)
  An orc priest (D:3)
  An orc wizard (D:3)
  A worker ant (D:2)
  5 gnolls
  An adder (D:2)
  2 worms (D:2)
  A leopard gecko (D:2)
  7 orcs (D:3)
  2 giant cockroaches (D:1)
  5 goblins
  5 hobgoblins
  A quokka (D:2)
  3 bats
  3 frilled lizards
  7 kobolds
  4 rats
50 creatures vanquished.

Notes
Turn   | Place    | Note
-------+----------+-------------------------------------------
     0 | Abyss:1  | Curus the Hill Orc Abyssal Knight began the quest for the
                  | Orb.
     0 | Abyss:1  | Reached XP level 1. HP: 19/19 MP: 2/2
    12 | D:1      | Escaped the Abyss
   248 | D:1      | Reached XP level 2. HP: 11/26 MP: 2/4
   871 | D:2      | Reached XP level 3. HP: 26/31 MP: 5/5
  1276 | D:2      | Reached ** piety under Lugonu
  1276 | D:2      | Reached XP level 4. HP: 26/39 MP: 7/7
  1457 | D:2      | Found an iron altar of Okawaru.
  1633 | D:2      | Reached skill level 5 in Axes
  1796 | D:2      | Reached XP level 5. HP: 45/45 MP: 8/8
  2227 | D:3      | Noticed Sigmund
  2240 | D:3      | Killed Sigmund
  2240 | D:3      | Reached XP level 6. HP: 16/51 MP: 8/10
  2531 | D:2      | HP: 2/51 [poisoned by a kobold]
  2537 | D:2      | HP: 1/51 [poisoned by a kobold]
  2545 | D:3      | HP: 1/51 [poisoned by a kobold]
  2546 | D:3      | Slain by a goblin

Illustrated notes

Levels and vault maps discovered:
D:1:      dpeg_arrival_tiny_a, layout_loops_ring
D:2:      layout_basic, okawaru_ov_weapons_minmay
D:3:      layout_basic, first_ration, amethyst_killhole, uniq_sigmund

Skill      XL: |  1  2  3  4  5 |
---------------+----------------+-----
Axes           | 3 4 5 6 |  6.5
Invocations    | 3 4 6 |  6.4
Fighting       | |  3.6
Armour         | |  2.1
Dodging        | |  0.7

Action                   |  1- 3 |  4- 6 || total
-------------------------+-------+-------++-------
Melee: Hand axe          |    65 |   119 ||   184
  Use: Scroll            |     6 |     1 ||     7
       Potion            |     1 |     2 ||     3
  Eat: Chunk             |     1 |     4 ||     5
Armor: Ring mail         |     5 |       ||     5
       Chain mail        |    25 |    66 ||    91
Dodge: Dodged            |    24 |    37 ||    61
